 Dungeon Sprint DCSS version 0.21.0-26-g889b8f6 (webtiles) character file.

18356 wojtek the Executioner (level 12, -8/186 HPs)
             Began as a Minotaur Berserker on Jan 27, 2018.
             Was the Champion of Trog.
             Mangled by Xtahua (15 damage)
             ... in the Dungeon (Sprint III: "The Ten Rune Challenge").
             The game lasted 00:09:13 (3934 turns).

wojtek the Executioner (Minotaur Berserker)         Turns: 3934, Time: 00:09:14

Health: -8/186     AC: 18    Str: 30    XL:     12   Next: 27%
Magic:  11/11      EV: 16    Int:  9    God:    Trog [******]
Gold:   6222       SH:  0    Dex: 12    Spells: 11/11 levels left

rFire    . . .     SeeInvis .   a - +11 broad axe of Icezxemp {chop, rPois MR+ Int+5}
rCold    . . .     Gourm    .   (no shield)
rNeg     . . .     Faith    .   u - +0 plate armour
rPois    +         Spirit   .   x - +1 hat
rElec    .         Reflect  .   (no cloak)
rCorr    .         Harm     .   (no gloves)
MR       +....     NoTele   +   (no boots)
Stlth    ..........             (no amulet)
HPRegen  0.41/turn              (no ring)
MPRegen  0.12/turn              (no ring)

@: berserking (expiring), quick
A: retaliatory headbutt, horns 2
a: Berserk, Trog's Hand, Brothers in Arms, Burn Spellbooks, Renounce Religion


You were in the Dungeon.
You worshipped Trog.
Trog was exalted by your worship.
You were near starving.

You visited 1 branch You collected 6222 gold pieces.

Inventory:

Hand Weapons
 a - the +11 broad axe of Icezxemp (weapon) {chop, rPois MR+ Int+5}
   (Trog gifted it to you in the Dungeon)

   It inflicts extra damage upon your enemies.
   It affects your intelligence (+5).
   It protects you from poison.
   It affects your resistance to hostile enchantments.
 q - a +3 vampiric broad axe
 s - a +7 antimagic broad axe
 v - a +3 battleaxe of electrocution
 w - a +3 executioner's axe of freezing
 y - a +4 antimagic battleaxe
 z - a +4 battleaxe of chopping
Missiles
 b - 4 throwing nets (quivered)
Armour
 u - a +0 plate armour (worn)
 x - a +1 hat (worn)
Wands
 r - a wand of iceblast (6)
Scrolls
 i - 2 scrolls of blinking
 l - 2 scrolls of immolation {unknown}
 m - 3 scrolls of remove curse
 n - a scroll of holy word {unknown}
 o - 2 scrolls of identify
Potions
 d - 4 potions of curing
 e - a potion of heal wounds
 f - a potion of haste
 g - 5 potions of magic
 h - a potion of berserk rage
 k - 3 potions of mutation {unknown}
 p - a potion of experience {unknown}
 A - a potion of invisibility {unknown}
 B - a potion of might
Miscellaneous
 j - a box of beasts
Comestibles
 c - 16 rations


   Skills:
 + Level 16.6 Fighting
 * Level 21.9 Axes
 + Level 16.5 Armour
 + Level 15.3 Dodging


You had 11 spell levels left.
You didn't know any spells.

Dungeon Overview and Level Annotations

Branches:
Dungeon (1/1)

Altars:
Cheibriados
Dithmenos
Elyvilon
Fedhas
Gozag
Hepliaklqana
Kikubaaqudgha
Makhleb
Nemelex Xobeh
Okawaru
Qazlal
Ru
Sif Muna
Trog
Uskayaw
Vehumet
Wu Jian
Xom
Yredelemnul
Zin
The Shining One
Beogh
Jiyva
Lugonu

Shops:
D (?:(

Annotations:
D Xtahua


Innate Abilities, Weirdness & Mutations

You reflexively headbutt those who attack you in melee.
You have a pair of horns on your head.


Message History

You hear a splash.
The fire dragon scales are intact enough to wear.
Xtahua is engulfed in blazing flames.
Xtahua roars horribly.
Xtahua breathes flames at you. The searing blast hits you!
* * * LOW HITPOINT WARNING * * *
Really walk into that cloud of flame?
Okay, then.
Really walk into that cloud of flame?
Okay, then.
You are too berserk!
You are too berserk!
Really walk into that cloud of flame?
You enter the shallow water.
Moving in this stuff is going to be slow.
You are engulfed in blazing flames.
* * * LOW HITPOINT WARNING * * *
Xtahua is engulfed in blazing flames.
Xtahua bites you!
You die...

♣≈♣♣ ♣♣.♣
♣.♣♣ ♣.♣♣
♣..♣
♣♣.♣♣.####♣♣
♣♣%♣♣D...≈♣
♣♣..♣♣♣♣♣♣D♣
♣.≈..§§§§§@♣
♣.≈...§§§..♣
♣.♣..§§§§§.♣
♣♣♣♣♣♣♣♣§∩§♣
♣♣♣♣♣


You could see Xtahua.

Vanquished Creatures
  Rupert (D)
  Gastronok (D)
  2 dire elephants (D)
  2 fire dragons (D)
  Erolcha (D)
  4 death yaks (D)
  A deep elf mage (D)
  2 elephants (D)
  2 black mambas (D)
  2 spiny frogs (D)
  A rime drake (D)
  A komodo dragon (D)
  A queen bee (D)
  8 blink frogs (D)
  A shadow (D)
  2 redbacks (D)
  A spatial vortex (D)
  2 hell hounds (D)
  A swamp drake (D)
  A necrophage (D)
  An orc warrior (D)
  5 two-headed ogres (D)
  3 wandering mushrooms (D)
  A water elemental (D)
  32 killer bees (D)
  A jelly (D)
  A wizard (D)
  3 orc wizards (D)
  A necromancer (D)
  3 humans (D)
  A kobold demonologist (D)
  An ooze (D)
  A phantom (D)
  4 orcs (D)
  3 rats (D)
  2 plants (D)
100 creatures vanquished.

Vanquished Creatures (collateral kills)
  5 orc warriors (D)
  2 orc priests (D)
  An orc wizard (D)
  An orc (D)
  A bat (D)
10 creatures vanquished.

Vanquished Creatures (others)
  2 draconian scorchers (D)
  6 hellions (D)
  2 yaktaurs (D)
  An electric eel (D)
  6 plants (D)
17 creatures vanquished.

Grand Total: 127 creatures vanquished

Notes
Turn   | Place    | Note
-------+----------+-------------------------------------------
     0 | D        | wojtek the Minotaur Berserker began the quest for the Orb.
     0 | D        | Reached XP level 1. HP: 19/19 MP: 0/0
    10 | D        | Reached skill level 4 in Axes
    46 | D        | Reached ** piety under Trog
    67 | D        | Reached XP level 2. HP: 22/27 MP: 1/1
    72 | D        | Reached skill level 5 in Axes
    72 | D        | Reached XP level 3. HP: 14/35 MP: 2/2
    85 | D        | Killed a hellion
    90 | D        | Killed a hellion
   118 | D        | Killed a hellion
   120 | D        | Killed a hellion
   151 | D        | Killed a white draconian scorcher
   185 | D        | Killed a hellion
   193 | D        | Killed a white draconian scorcher
   264 | D        | Killed a hellion
   294 | D        | Noticed a water elemental
   300 | D        | Killed a water elemental
   300 | D        | Reached *** piety under Trog
   300 | D        | Reached skill level 5 in Fighting
   300 | D        | Reached skill level 7 in Axes
   300 | D        | Reached skill level 5 in Armour
   300 | D        | Reached XP level 4. HP: 32/44 MP: 3/3
   306 | D        | Killed a yaktaur
   447 | D        | Found a radiant altar of Vehumet.
   448 | D        | Found a deep blue altar of Sif Muna.
   448 | D        | Found an ancient bone altar of Kikubaaqudgha.
   448 | D        | Noticed a wizard
   451 | D        | Killed a wizard
   451 | D        | Reached skill level 8 in Axes
   451 | D        | Reached skill level 5 in Dodging
   452 | D        | Reached **** piety under Trog
   452 | D        | Reached XP level 5. HP: 51/51 MP: 4/4
   497 | D        | Found a glowing silver altar of Zin.
   498 | D        | Found a glowing golden altar of the Shining One.
   498 | D        | Found a white marble altar of Elyvilon.
   498 | D        | Noticed a deep elf mage
   505 | D        | Killed a deep elf mage
   505 | D        | Reached ***** piety under Trog
   505 | D        | Reached skill level 11 in Axes
   505 | D        | Reached XP level 6. HP: 36/62 MP: 5/5
   505 | D        | Reached XP level 7. HP: 41/69 MP: 6/6
   636 | D        | Found a hide-covered altar of Uskayaw.
   636 | D        | Found an iron altar of Okawaru.
   637 | D        | Found a roughly hewn altar of Beogh.
   637 | D        | Found a bloodstained altar of Trog.
   637 | D        | Found an ornate altar of the Wu Jian Council.
   637 | D        | Noticed a human
   637 | D        | Noticed a human
   646 | D        | Killed a human
   646 | D        | Reached skill level 12 in Axes
   650 | D        | Killed a human
   747 | D        | Found a shadowy altar of Dithmenos.
   752 | D        | Reached skill level 13 in Axes
   753 | D        | Found a basalt altar of Yredelemnul.
   753 | D        | Found a sacrificial altar of Ru.
   856 | D        | Noticed a shadow
   861 | D        | Killed a shadow
   861 | D        | Reached skill level 10 in Fighting
   861 | D        | Reached XP level 8. HP: 47/79 MP: 7/7
  1106 | D        | Found a blossoming altar of Fedhas.
  1106 | D        | Found a stormy altar of Qazlal.
  1107 | D        | Found a snail-covered altar of Cheibriados.
  1107 | D        | Found a burning altar of Makhleb.
  1107 | D        | Found a hazy altar of Hepliaklqana.
  1107 | D        | Found a shimmering altar of Xom.
  1107 | D        | Found an opulent altar of Gozag.
  1107 | D        | Found a sparkling altar of Nemelex Xobeh.
  1107 | D        | Found a corrupted altar of Lugonu.
  1107 | D        | Found a viscous altar of Jiyva.
  1119 | D        | Reached skill level 10 in Armour
  1178 | D        | Received a gift from Trog
  1178 | D        | Reached skill level 14 in Axes
  1237 | D        | Noticed a two-headed ogre
  1258 | D        | Killed a two-headed ogre
  1583 | D        | Noticed a two-headed ogre
  1583 | D        | Noticed Erolcha
  1587 | D        | Killed a two-headed ogre
  1587 | D        | Reached skill level 10 in Dodging
  1587 | D        | Reached XP level 9. HP: 89/89 MP: 8/8
  1594 | D        | Killed Erolcha
  1594 | D        | Reached skill level 15 in Axes
  1678 | D        | Reached skill level 16 in Axes
  1679 | D        | Received a gift from Trog
  1687 | D        | Found Kiecza's Antique Weapon Shop.
  1689 | D        | Received a gift from Trog
  1699 | D        | Received a gift from Trog
  1699 | D        | Reached ****** piety under Trog
  2107 | D        | Noticed a queen bee
  2110 | D        | Killed a queen bee
  2111 | D        | Received a gift from Trog
  2118 | D        | Reached XP level 10. HP: 97/100 MP: 9/9
  2135 | D        | Reached skill level 17 in Axes
  2140 | D        | Received a gift from Trog
  2226 | D        | Received a gift from Trog
  2227 | D        | Received a gift from Trog
  2242 | D        | Received a gift from Trog
  2627 | D        | Noticed a spiny frog
  2627 | D        | Noticed a spiny frog
  2630 | D        | Killed a spiny frog
  2632 | D        | Killed a spiny frog
  2632 | D        | Reached skill level 18 in Axes
  2832 | D        | Received a gift from Trog
  2961 | D        | Noticed Rupert
  2962 | D        | Paralysed by Rupert for 4 turns
  2979 | D        | Killed Rupert
  2979 | D        | Reached skill level 19 in Axes
  2979 | D        | Reached XP level 11. HP: 76/111 MP: 3/10
  3201 | D        | Received a gift from Trog
  3202 | D        | Noticed a dire elephant
  3205 | D        | Got a scorched broad axe {god gift}
  3217 | D        | Killed a dire elephant
  3217 | D        | Reached skill level 15 in Fighting
  3256 | D        | Identified the +11 broad axe of Icezxemp {chop, rPois MR+ Int+5} (Trog gifted it to you in the Dungeon)
  3315 | D        | Noticed Gastronok
  3316 | D        | Noticed a dire elephant
  3327 | D        | Killed a dire elephant
  3327 | D        | Reached skill level 20 in Axes
  3327 | D        | Reached skill level 15 in Armour
  3338 | D        | Killed Gastronok
  3366 | D        | Noticed an azure jelly
  3367 | D        | Noticed an azure jelly
  3367 | D        | Noticed an azure jelly
  3369 | D        | Noticed an azure jelly
  3575 | D        | Noticed a death yak
  3576 | D        | Noticed a death yak
  3577 | D        | Noticed a death yak
  3578 | D        | Noticed a death yak
  3583 | D        | Killed a death yak
  3583 | D        | Received a gift from Trog
  3587 | D        | Killed a death yak
  3587 | D        | Reached skill level 21 in Axes
  3592 | D        | Killed a death yak
  3596 | D        | Reached XP level 12. HP: 80/122 MP: 11/11
  3600 | D        | Killed a death yak
  3739 | D        | Reached skill level 15 in Dodging
  3838 | D        | Noticed a fire dragon
  3855 | D        | Killed a fire dragon
  3855 | D        | Received a gift from Trog
  3893 | D        | Found Poggiuhe's Antique Weapon Shoppe.
  3893 | D        | Found Pustiyc's Magic Scroll Boutique.
  3893 | D        | Found Umanlul's Book Emporium.
  3918 | D        | Noticed a fire dragon
  3929 | D        | Noticed Xtahua
  3933 | D        | Killed a fire dragon
  3934 | D        | HP: 7/186 [something (10)]
  3934 | D        | Mangled by Xtahua

Skill      XL: |  1  2  3  4  5  6  7  8  9 10 11 12 |
---------------+-------------------------------------+-----
Fighting       | 4 5 6 8 10 11 12 14 16 | 16.6
Axes           | 4 5 7 8 11 13 14 16 19 21 | 21.9
Armour         | 3 4 5 8 9 11 12 14 16 | 16.5
Dodging        | 3 4 5 7 9 10 11 13 14 15 | 15.3

Action                   |  1- 3 |  4- 6 |  7- 9 | 10-12 || total
-------------------------+-------+-------+-------+-------++-------
Melee: Hand axe          |    15 |     6 |    78 |       ||    99
       Headbutt          |     4 |     2 |    29 |    31 ||    66
       War axe           |       |       |    13 |       ||    13
       Executioner's axe |       |       |    13 |       ||    13
       Broad axe         |       |       |       |   169 ||   169
Invok: Berserk           |     2 |     1 |     3 |     3 ||     9
       Burn Spellbooks   |       |     1 |       |       ||     1
       Brothers in Arms  |       |       |     1 |     1 ||     2
 Stab: Sleeping          |     1 |       |       |       ||     1
  Eat: Chunk             |       |     1 |     7 |     6 ||    14
       Ration            |       |       |     1 |       ||     1
Armor: Animal skin       |     1 |       |     2 |       ||     3
       Plate armour      |       |       |     7 |    71 ||    78
Dodge: Dodged            |     7 |     4 |    34 |    92 ||   137
Block: Buckler           |       |       |     6 |       ||     6
